 Dungeon Crawl Stone Soup version 0.29.1-2-gbd0b4ee654 (webtiles) character file.

Game seed: 5024106642812535586

131 funnyparkerb the Cudgeller (level 5, 0/47 HPs)
             Began as a Gnoll Cinder Acolyte on Nov 1, 2022.
             Was a High Priest of Ignis.
             Slain by an orc wizard
             ... wielding a +0 dagger
              (1 damage)
             ... on level 4 of the Dungeon.
             The game lasted 00:05:18 (2866 turns).

funnyparkerb the Cudgeller (Gnoll Cinder Acolyte)   Turns: 2866, Time: 00:05:18

Health: 0/47       AC:  7    Str: 16    XL:     5   Next: 14%
Magic:  9/9        EV: 10    Int: 13    God:    Ignis [*****.]
Gold:   151        SH:  0    Dex:  7    Spells: 8/10 levels left

rFire   + . .      SeeInvis .   n - +2 war axe (freeze)
rCold   . . .      Faith    .   (no shield)
rNeg    . . .      Spirit   .   b - +0 ring mail
rPois   .          Reflect  .   o - +2 hat
rElec   .          Harm     .   l - scarf {shadows}
rCorr   .          Rampage  .   (no gloves)
Will    .....                   (no boots)
Stlth   +.........              (no amulet)
HPRegen 0.15/turn               k - ring of flight
MPRegen 0.11/turn               (no ring)

@: flying
A: fangs 1, strong nose, distributed training
a: Renounce Religion, Fiery Armour, Foxfire Swarm, Rising Flame


You were on level 4 of the Dungeon.
You worshipped Ignis.
Ignis was extremely pleased with you.
You visited 1 branch of the dungeon, and saw 4 of its levels.

You collected 151 gold pieces.

Inventory:

Hand Weapons
 n - a +2 war axe of freezing (weapon)
Missiles
 u - 4 boomerangs
 y - a throwing net
Armour
 b - a +0 ring mail (worn)
 l - a scarf of shadows (worn)
 o - a +2 hat (worn)
 x - a +0 plate armour
Jewellery
 k - a ring of flight (left hand)
Wands
 p - a wand of charming (4)
Scrolls
 a - 2 scrolls of identify {unknown}
 c - a scroll of summoning {unknown}
 d - a scroll of enchant weapon {unknown}
 i - 2 scrolls of vulnerability {unknown}
 q - 2 scrolls of blinking {unknown}
 v - a scroll of magic mapping {unknown}
 w - a scroll of poison {unknown}
 z - a scroll of silence {unknown}
 A - a scroll of fear {unknown}
Potions
 e - a potion of lignification {unknown}
 f - a potion of magic {unknown}
 g - a potion of invisibility {unknown}
 h - 2 potions of brilliance {unknown}
 j - a potion of ambrosia {unknown}
 m - a potion of might {unknown}
 r - 2 potions of haste {unknown}
 s - a potion of mutation {unknown}
 t - a potion of flight {unknown}


   Skills:
 + Level 6.7 Fighting
 + Level 1.4 Short Blades
 + Level 1.4 Long Blades
 + Level 1.4 Axes
 + Level 6.7 Maces & Flails
 + Level 1.4 Polearms
 + Level 1.4 Staves
 + Level 1.4 Ranged Weapons
 + Level 1.4 Throwing
 + Level 1.4 Armour
 + Level 1.4 Dodging
 + Level 1.4 Stealth
 + Level 1.4 Shields
 + Level 1.4 Unarmed Combat
 + Level 3.1 Spellcasting
 + Level 1.1 Conjurations
 + Level 1.1 Hexes
 + Level 1.1 Summonings
 + Level 1.1 Necromancy
 + Level 1.1 Translocations
 + Level 1.1 Transmutations
 + Level 5.5 Fire Magic
 + Level 1.1 Ice Magic
 + Level 1.1 Air Magic
 + Level 1.1 Earth Magic
 + Level 1.1 Poison Magic
 + Level 1.6 Invocations
 + Level 1.4 Evocations


You had 8 spell levels left.
You knew the following spells:

 Your Spells              Type           Power      Damage    Failure   Level
a - Scorch                Fire           32%        2d6       6%          2

Your spell library contained the following spells:

 Spells                   Type           Power      Damage    Failure   Level
 Magic Dart               Conj           20%        1d4       26%         1
 Slow                     Hex            20%        N/A       26%         1
 Call Imp                 Summ           5%         N/A       36%         2
 Mephitic Cloud           Conj/Pois/Air  5%         N/A       61%         3
 Discord                  Hex            2%         N/A       100%        8
 Disjunction              Tloc           2%         N/A       100%        8


Dungeon Overview and Level Annotations

Branches:
Dungeon (4/15)
 Temple: D:4-7

Altars:
Gozag

Shops:
D:3 :


Innate Abilities, Weirdness & Mutations

You have very sharp teeth.
Your uncanny sense of smell can sniff out nearby items.
Your experience applies equally to all skills.


Message History

Activating: Foxfire Swarm
Press: ? - help, Dir - look around, f - activate Flames leap up around you!
The adder completely misses you.
Your foxfire dissipates!
The foxfire hits the adder.
The adder is lightly wounded.
The foxfire hits the adder.
The adder is lightly wounded.
The foxfire hits the adder.
The adder is severely wounded.
The foxfire hits the adder.
You kill the adder!
The foxfire hits the orc priest but does no damage.
The orc wizard mumbles some strange words.
The orc wizard flickers and vanishes!
Deactivating autopickup; reactivate with Ctrl-A.
The foxfire hits the orc priest.
The orc priest is moderately wounded.
The foxfire hits the orc priest.
The orc priest is heavily wounded.
The foxfire hits the orc priest.
The orc priest is severely wounded.
The foxfire hits the orc priest.
You kill the orc priest!
The foxfire hits something.
Your foxfire dissipates!
You have reached level 5!
Okay, then.
The adder barely misses you.
You closely miss the adder. You bite the adder, but do no damage.
The adder is lightly wounded.
The adder bites you.
* * * LOW HITPOINT WARNING * * *
You slash the adder!
The adder seems to slow down.
You freeze the adder.
You kill the adder!
You barely miss something. Something hits you.
* * * LOW HITPOINT WARNING * * *
Something hits you but does no damage. Something hits you.
You die...

#... ..
###..... ..##
##........
...##.........
#...........#
##..........#
#...........#
#...@.......#
####<.......#
#)########
#####..####
#.......).#
#.##....#.#
#.......#
...........#
#....##.......


There were no monsters in sight!

Vanquished Creatures
  An orc priest (D:4)
  3 adders
  A gnoll (D:1)
  A worm (D:2)
  2 orcs
  6 endoplasms
  2 giant cockroaches
  4 goblins
  5 hobgoblins
  2 quokkas
  9 ball pythons
  10 bats
  3 frilled lizards (D:3)
  6 kobolds
  7 rats
62 creatures vanquished.

Vanquished Creatures (others)
  11 foxfires (D:4)
  2 plants (D:3)
13 creatures vanquished.

Grand Total: 75 creatures vanquished

Notes
Turn   | Place    | Note
-------+----------+-------------------------------------------
     0 | D:1      | funnyparkerb the Gnoll Cinder Acolyte began the quest for
                  | the Orb.
     0 | D:1      | Reached XP level 1. HP: 23/23 MP: 4/4
   289 | D:1      | Reached XP level 2. HP: 29/29 MP: 5/5
   388 | D:1      | Learned a level 2 spell: Scorch
   439 | D:1      | Found a faded altar of an unknown god.
   673 | D:1      | Reached XP level 3. HP: 12/35 MP: 1/7
  1080 | D:1      | Reached skill level 1 in Invocations
  1774 | D:2      | Got the Lectures on Entrancing Displacement
  1802 | D:2      | Reached skill level 1 in Short Blades
  1802 | D:2      | Reached skill level 1 in Long Blades
  1802 | D:2      | Reached skill level 1 in Axes
  1802 | D:2      | Reached skill level 1 in Polearms
  1802 | D:2      | Reached skill level 1 in Staves
  1802 | D:2      | Reached skill level 1 in Ranged Weapons
  1802 | D:2      | Reached skill level 1 in Throwing
  1802 | D:2      | Reached skill level 1 in Armour
  1802 | D:2      | Reached skill level 1 in Dodging
  1802 | D:2      | Reached skill level 1 in Stealth
  1802 | D:2      | Reached skill level 1 in Shields
  1802 | D:2      | Reached skill level 1 in Unarmed Combat
  1802 | D:2      | Reached skill level 1 in Evocations
  1942 | D:2      | Found an opulent altar of Gozag.
  2334 | D:2      | Reached XP level 4. HP: 41/41 MP: 8/8
  2630 | D:3      | Reached skill level 1 in Conjurations
  2630 | D:3      | Reached skill level 1 in Hexes
  2630 | D:3      | Reached skill level 1 in Summonings
  2630 | D:3      | Reached skill level 1 in Necromancy
  2630 | D:3      | Reached skill level 1 in Translocations
  2630 | D:3      | Reached skill level 1 in Transmutations
  2630 | D:3      | Reached skill level 1 in Ice Magic
  2630 | D:3      | Reached skill level 1 in Air Magic
  2630 | D:3      | Reached skill level 1 in Earth Magic
  2630 | D:3      | Reached skill level 1 in Poison Magic
  2726 | D:3      | Found Bitekak's Book Boutique.
  2862 | D:4      | Reached XP level 5. HP: 5/47 MP: 9/9
  2865 | D:4      | HP: 1/47 [something (3)]
  2866 | D:4      | Slain by an orc wizard

Illustrated notes

Levels and vault maps discovered:
D:1:      lightli_arrival_quake, layout_loops_cross,
          shapermc_ecumenical_altar_petra, dk_noncrumbling_4, minmay_3d_cube
D:2:      layout_basic, basic_altar, grunt_decor_junction
D:3:      layout_rooms, serial_shops, shop, chequers_big_river
D:4:      layout_cave_pods, mainiacjoe_overflow_24_doors,
          gup_sewer_entry_bubbles, hangedman_abyss_or_decor_lesser_grid,
          kennysheep_potato

Skill      XL: |  1  2  3  4 |
---------------+-------------+-----
Invocations    | 1 |  1.6
Short Blades   | 1 |  1.4
Long Blades    | 1 |  1.4
Axes           | 1 |  1.4
Polearms       | 1 |  1.4
Staves         | 1 |  1.4
Ranged Weapons | 1 |  1.4
Throwing       | 1 |  1.4
Armour         | 1 |  1.4
Dodging        | 1 |  1.4
Stealth        | 1 |  1.4
Shields        | 1 |  1.4
Unarmed Combat | 1 |  1.4
Evocations     | 1 |  1.4
Spellcasting   | 3 |  3.1
Conjurations   | 1 |  1.1
Hexes          | 1 |  1.1
Summonings     | 1 |  1.1
Necromancy     | 1 |  1.1
Translocations | 1 |  1.1
Transmutations | 1 |  1.1
Ice Magic      | 1 |  1.1
Air Magic      | 1 |  1.1
Earth Magic    | 1 |  1.1
Poison Magic   | 1 |  1.1
Fighting       | |  6.7
Maces & Flails | |  6.7
Fire Magic     | |  5.5

Action                   |  1- 3 |  4- 6 || total
-------------------------+-------+-------++-------
Melee: Mace              |    52 |       ||    52
       Bite              |     6 |     2 ||     8
       Punch             |     2 |       ||     2
       War axe           |    10 |    35 ||    45
 Cast: Scorch            |    16 |       ||    16
Invok: Foxfire Swarm     |       |     1 ||     1
Armor: Leather armour    |     2 |       ||     2
       Ring mail         |    17 |    31 ||    48
Dodge: Dodged            |    34 |    17 ||    51
